 Dungeon Crawl Stone Soup version 0.22-a0-284-g99d1f74 (webtiles) character file.

170 Gorglomux the Skirmisher (level 5, -1/51 HPs)
             Began as a Naga Fighter on Mar 22, 2018.
             Slain by Gorglomux's ghost (11 damage)
             ... on level 3 of the Dungeon.
             The game lasted 00:01:31 (2529 turns).

Gorglomux the Skirmisher (Naga Fighter)             Turns: 2529, Time: 00:01:32

Health: -1/51      AC:  5    Str: 19    XL:     5   Next: 50%
Magic:  5/5        EV:  5    Int:  9    God:
Gold:   81         SH:  8    Dex: 10    Spells: 4/4 levels left

rFire    . . .     SeeInvis +   a - +0 war axe
rCold    . . .     Gourm    .   c - +0 shield
rNeg     . . .     Faith    .   b - +0 scale mail
rPois    +         Spirit   .   (no helmet)
rElec    .         Reflect  .   (no cloak)
rCorr    .         Harm     .   (no gloves)
MR       .....                  (no barding)
Stlth    ..........             (no amulet)
HPRegen  0.17/turn              (no ring)
MPRegen  0.09/turn              (no ring)

@: very slow
A: large, see invisible, deformed body, poison resistance, slowness 2, slow
metabolism 1, spit poison 1, AC +1
a: Spit Poison


You were on level 3 of the Dungeon.
You were not hungry.

You visited 1 branch of the dungeon, and saw 3 of its levels.

You collected 81 gold pieces.

Inventory:

Hand Weapons
 a - a +0 war axe (weapon)
Missiles
 Z - a throwing net (quivered)
Armour
 b - a +0 scale mail (worn)
 c - a +0 shield (worn)
Jewellery
 n - a +2 ring of intelligence {unknown}
 s - a +4 ring of dexterity {unknown}
 t - a +2 amulet of reflection {unknown}
Scrolls
 h - 6 scrolls of identify {unknown}
 k - a scroll of amnesia {unknown}
 o - 2 scrolls of remove curse {unknown}
 q - 2 scrolls of random uselessness {unknown}
 r - a scroll of noise {unknown}
 v - 2 scrolls of enchant weapon {unknown}
 w - a scroll of teleportation {unknown}
 x - 2 scrolls of enchant armour {unknown}
 Y - a scroll of magic mapping {unknown}
Potions
 d - 3 potions of might
 i - 2 potions of brilliance {unknown}
 j - a potion of invisibility {unknown}
 l - 2 potions of ambrosia {unknown}
 m - 2 potions of mutation {unknown}
 W - a potion of curing {unknown}
Comestibles
 f - 4 rations
 X - a chunk of flesh


   Skills:
 + Level 4.7 Fighting
 + Level 4.1 Axes
 - Level 2.4 Armour
 - Level 2.4 Shields


You had 4 spell levels left.
You didn't know any spells.

Dungeon Overview and Level Annotations

Branches:
Dungeon (3/15)

Altars:
Sif Muna

Annotations:
D:3 Gorglomux's ghost, amateur NaFi


Innate Abilities, Weirdness & Mutations

You cannot wear boots.
Your serpentine skin is tough. (AC +1)
You have supernaturally acute eyesight. (SInv)
Armour fits poorly on your strangely shaped body.
Your system is resistant to poisons. (rPois)
You cover ground very slowly.
You have a slow metabolism.
You can spit poison.


Message History

Gorglomux's ghost is moderately damaged!
You block Gorglomux's ghost's attack!
You open Gorglomux's ghost like a pillowcase!
Gorglomux's ghost is butt-ly damaged!
Gorglomux's ghost barely misses you!
There are monsters nearby!!!
You chop Gorglomux's ghost into butts!
Gorglomux'butts ghost is heavily damaged!
Gorglomux's ghost hits you!!! * * * don't die
* * * Butt's ghost hits butt! * * * butt't die
* * * You are too injured to fight recklessly!!!
You are too butt to fight recklessly!!!
You are too injured to fight recklessly!!!
There are monsters nearby!!!
Unknown command!
Some of the butts of flesh in your inventory have rotted away!
Gorglomux's ghost hits you!!! rip

#### ## ..... ... .....
..### ...... ....#
......##.#.#
.......?.#.# #r.#.#
#W.#.# #@...#.# #.
#.#..#.# #.#.#
#####.#..#.# #.#.#
.........#.#
###.#.#########..#.#
....#..........(.#.#
#####....########.#.#
........(((...).....#
#######....#########.##


You could see Gorglomux's ghost and a rat.

Vanquished Creatures
  4 gnolls
  8 adders
  2 worms (D:2)
  2 leopard geckos
  3 giant cockroaches (D:1)
  11 goblins
  8 hobgoblins
  2 quokkas (D:2)
  4 bats
  A frilled lizard (D:2)
  6 kobolds
  A rat (D:1)
52 creatures vanquished.

Notes
Turn   | Place    | Note
-------+----------+-------------------------------------------
     0 | D:1      | Gorglomux the Naga Fighter began the quest for the Orb.
     0 | D:1      | Reached XP level 1. HP: 21/21 MP: 1/1
    82 | D:1      | Reached XP level 2. HP: 26/28 MP: 2/2
   714 | D:2      | Reached XP level 3. HP: 33/34 MP: 3/3
   742 | D:2      | Reached skill level 3 in Axes
  1086 | D:2      | Reached XP level 4. HP: 7/44 MP: 4/4
  1501 | D:2      | Found a deep blue altar of Sif Muna.
  1786 | D:2      | Reached XP level 5. HP: 51/51 MP: 5/5
  2522 | D:3      | Noticed Gorglomux's ghost (amateur NaFi)
  2529 | D:3      | Slain by Gorglomux's ghost

Vault maps used:
D:1:      dpeg_arrival_shrine, minivault_24, minmay_strange_pillars,
          corner_web_ring
D:2:      marbit_many_paths, nicolae_overflow_hidden_temple

Skill      XL: |  1  2  3  4  5 |
---------------+----------------+-----
Axes           | 3 4 |  4.1
Fighting       | 4 |  4.7
Armour         | |  2.4
Shields        | |  2.4

Action                   |  1- 3 |  4- 6 || total
-------------------------+-------+-------++-------
Melee: War axe           |   127 |   102 ||   229
 Abil: Spit Poison       |     3 |     6 ||     9
  Eat: Chunk             |       |     5 ||     5
Armor: Scale mail        |    59 |    55 ||   114
Dodge: Dodged            |    30 |    30 ||    60
Block: Shield            |    80 |    61 ||   141

Table legend:
 A = Spawn XP
 B = Non-spawn XP
 C = Spawn XP percentage of total XP
 D = Spawn monster count
 E = Non-spawn monster count
 F = Spawn count percentage of total count
 G = Total turns spent on level
                    A         B        C        D         E        F      G
               +---------+---------+-------+---------+---------+-------+---------
         Total |       0 |     243 |   0.0 |       0 |      52 |   0.0 |  2529
               +---------+---------+-------+---------+---------+-------+---------
           D:1 |       0 |      48 |   0.0 |       0 |      19 |   0.0 |   992
           D:2 |       0 |     137 |   0.0 |       0 |      26 |   0.0 |  1163
           D:3 |       0 |      58 |   0.0 |       0 |       7 |   0.0 |   374
               +---------+---------+-------+---------+---------+-------+---------
